 Dungeon Crawl Stone Soup version 0.21.0-3-g78d12a8 (webtiles) character file.

39 Monsterracer the Skirmisher (level 3, -5/24 HPs)
             Began as a Gargoyle Chaos Knight on Jan 13, 2018.
             Slain by a gnoll
             ... wielding a +0 flail
              (11 damage)
             ... on level 1 of the Dungeon.
             The game lasted 00:00:53 (837 turns).

Monsterracer the Skirmisher (Gargoyle Chaos Knight)  Turns: 837, Time: 00:00:55

Health: -5/24      AC:  8    Str: 16    XL:     3   Next: 47%
Magic:  3/3        EV: 11    Int: 12    God:    Xom [...*..]
Gold:   40         SH:  0    Dex:  9    Spells: 2/2 levels left

rFire    . . .     SeeInvis .   a - +0 hand axe (chaos)
rCold    . . .     Gourm    .   (no shield)
rNeg     + . .     Faith    .   b - +2 leather armour
rPois    ∞         Spirit   .   (no helmet)
rElec    +         Reflect  .   (no cloak)
rCorr    .         Harm     .   (no gloves)
MR       .....                  (no boots)
Stlth    +.........             (no amulet)
HPRegen  0.08/turn              (no ring)
MPRegen  0.08/turn              (no ring)

@: no status effects
A: negative energy resistance 1, electricity resistance, unbreathing,
petrification resistance, rot immunity, AC +3
a: Renounce Religion


You were on level 1 of the Dungeon.
You worshipped Xom.
You were a favourite toy of Xom.
You were not hungry.

You visited 1 branch of the dungeon, and saw 2 of its levels.

You collected 40 gold pieces.

Inventory:

Hand Weapons
 a - a +0 hand axe of chaos (weapon)
Armour
 b - a +2 leather armour (worn)
Comestibles
 c - a ration


   Skills:
 + Level 3.7 Fighting
 * Level 3.4 Axes
 + Level 2.8 Armour
 - Level 0.7 Dodging


You had 2 spell levels left.
You didn't know any spells.

Dungeon Overview and Level Annotations

Branches:
Dungeon (2/15)

Altars:


Innate Abilities, Weirdness & Mutations

You are resistant to torment.
Your stone body is resilient. (AC +3)
You are immune to poison.
You resist negative energy. (rN+)
You are resistant to electric shocks. (rElec)
You can survive without breathing.
You are immune to petrification.
You are immune to rotting.


Message History

Unknown command.
You closely miss the jackal.
The jackal is moderately wounded.
The jackal barely misses you.
You hit the jackal. You drain the jackal!
You kill the jackal!
Unknown command.
You slash the jackal!
You kill the jackal!
Found a ring mail.
There is an open door, spattered with blood here.
Items here: †††† a jackal corpse x3; a hobgoblin corpse As you open the door, it creaks loudly!
There is an open door here.
Found a robe.
Health restored: 24 A kobold comes into view.
It is wielding a short sword.
A kobold is nearby!
You completely miss the kobold. The kobold barely misses you.
You miss the kobold. The kobold hits you but does no damage.
You barely miss the kobold. The kobold hits you but does no damage.
A kobold is nearby!
You slash the kobold!
You kill the kobold!
No target in view!
You see here a short sword.
You see here a robe.
Key pressed, stopping explore.
No target in view!
Key pressed, stopping explore.
No target in view!
Done exploring.
No target in view!
You almost hear Xom's maniacal laughter.
A chill runs through your body.
You can't go down here!
(D) Dungeon
Where to? (Enter - D:1 @ (x,y), ? - help)
There is a stone staircase leading down here.
You climb downwards.
A ball python, an adder, a quokka and 4 gnolls come into view.
The gnoll shouts! x4; The ball python hisses angrily.
The adder hisses angrily.
Found a cyan potion.
There is a stone staircase leading up here.
Unknown command.
You hit the gnoll but do no damage.
The gnoll evaporates and reforms as a howler monkey!
The howler monkey barely misses you. The gnoll hits you but does no damage.
You closely miss the howler monkey.
The howler monkey hits you but does no damage.
The gnoll closely misses you.
You closely miss the gnoll. You hit the howler monkey.
The howler monkey appears confused.
You miss the quokka. The quokka barely misses you.
The gnoll hits you with a flail. The adder bites you but does no damage.
The gnoll hits you from afar with a spear.
The quokka closely misses you.
The ball python bites you but does no damage.
The ball python grabs you. The ball python constricts you.
An adder comes into view.
You take 8 damage, and have 16/24 hp.
MASSIVE DAMAGE!!
You are too injured to fight recklessly!
You escape the ball python's grasp.
The adder bites you but does no damage. The gnoll hits you but does no damage.
The quokka barely misses you.
The gnoll hits you from afar with a spear.
The gnoll closely misses you.
You climb upwards.
There is a stone staircase leading down here.
You take 3 damage, and have 13/24 hp.
You hit the quokka. You freeze the quokka.
You kill the quokka!
You closely miss the gnoll. The ball python closely misses you.
The ball python grabs you.
* * * LOW HITPOINT WARNING * * *
The ball python constricts you. The gnoll hits you but does no damage.
You take 1 damage, and have 12/24 hp.
You hit the gnoll.
The gnoll is lightly wounded.
You hit the ball python.
You kill the ball python!
The adder misses you. The gnoll hits you with a flail.
* * * LOW HITPOINT WARNING * * *
You take 5 damage, and have 7/24 hp.
MASSIVE DAMAGE!!
You hit the gnoll.
The gnoll goes berserk!
The gnoll is moderately wounded.
You closely miss the adder. The gnoll closely misses you. The adder bites you.
* * * LOW HITPOINT WARNING * * *
You take 1 damage, and have 6/24 hp.
You aren't carrying any potions.
As you read the scroll labeled UMYPRU ESAHUK, it crumbles to dust.
It is a scroll of identify.
You don't have any unidentified items.
You are now a favourite toy of Xom.
The gnoll misses you. The adder closely misses you.
You hit the gnoll. You burn the gnoll.
The gnoll is heavily wounded.
You miss the adder. The gnoll hits you with a flail!
You die...
Xom howls with laughter!

........≈# #.........#
≈.≈......# #.#...)#.##
≈≈......## #.####.#.#
≈.......# #.#....#.#
<.......## #[#.####.#
.........# #.#.# #.#
.........# #.#.####.#
.........##
########.#......##
..........#
#@gg..............
..........###
#S######.#..######
......[.....####.# #(#..#
.................# #)#..####
#...).......####.# #.......#
####........# #.# #.......#
###.....## #.# ####.......#
#.....#####.###..†.......###
#.####...................'..


You could see 2 gnolls and an adder.

Vanquished Creatures
  A ball python (D:1)
  A giant cockroach (D:1)
  2 goblins (D:1)
  4 hobgoblins (D:1)
  12 jackals (D:1)
  2 kobolds (D:1)
  A quokka (D:1)
  4 bats (D:1)
  A frilled lizard (D:1)
  2 rats (D:1)
30 creatures vanquished.

Vanquished Creatures (others)
  A jackal (D:1)
1 creature vanquished.

Grand Total: 31 creatures vanquished

Notes
Turn   | Place    | Note
-------+----------+-------------------------------------------
     0 | D:1      | Monsterracer the Gargoyle Chaos Knight began the quest for the Orb.
     0 | D:1      | Reached XP level 1. HP: 14/14 MP: 1/1
    76 | D:1      | XOM: harmless Ice miscast
    77 | D:1      | Reached XP level 2. HP: 19/19 MP: 2/2
    79 | D:1      | XOM: harmless Summ miscast
   270 | D:1      | Reached XP level 3. HP: 23/23 MP: 3/3
   405 | D:1      | XOM: harmless Fire miscast
   542 | D:1      | XOM: silly message
   812 | D:1      | XOM: harmless Ice miscast
   833 | D:1      | HP: 12/24 [ball python (1)]
   837 | D:1      | Slain by a gnoll

Skill      XL: |  1 |
---------------+----+-----
Axes           | 3 |  3.4
Fighting       | |  3.7
Armour         | |  2.8
Dodging        | |  0.7

Action                   || total
-------------------------++-------
Melee: Hand axe          ||   102
  Use: Scroll            ||     1
Armor: Leather armour    ||    61
Dodge: Dodged            ||    78

Vault maps used:
D:1:      nicolae_arrival_washed_ashore
D:2:      nicolae_ru_the_path_less_chosen
